 Dungeon Crawl Stone Soup version 0.29.1-12-g30fa7ad0bf (webtiles) character file.

Game seed: 16977826407448864468

19551 styxcanada the Unseen (level 12, -1/60 HPs)
             Began as a Spriggan Brigand on Dec 27, 2022.
             Was an Initiate of Gozag.
             Slain by Urug
             ... wielding a +1 eveningstar of freezing
              (26 damage)
             ... on level 10 of the Dungeon.
             The game lasted 00:56:20 (14290 turns).

styxcanada the Unseen (Spriggan Brigand)           Turns: 14290, Time: 00:56:20

Health: -1/60      AC: 11    Str:  9    XL:     12   Next: 37%
Magic:  20/20      EV: 30    Int: 18    God:    Gozag
Gold:   1337       SH:  4    Dex: 28    Spells: 18/20 levels left

rFire   . . .      SeeInvis +   t - +6 dagger (protect)
rCold   . . .      Faith    .   (no shield)
rNeg    + . .      Spirit   .   b - +0 robe
rPois   +          Reflect  .   (helmet restricted)
rElec   .          Harm     .   c - +1 cloak
rCorr   +          Rampage  .   (gloves unavailable)
Will    ++...                   (boots unavailable)
Stlth   +++++++...              (no amulet)
HPRegen 0.20/turn               n - +6 ring of intelligence
MPRegen 0.17/turn               H - ring of Kaidd {rN+ rCorr Str+3 Dex+3}

@: gold aura, under a protective aura, very quick
A: very small, no large weapons, unfitting armour, see invisible, speed 3, horns
1, talons 1, large bone plates 1, agile 1, poison resistance
a: Renounce Religion, Potion Petition, Call Merchant, Bribe Branch


You were on level 10 of the Dungeon.
You worshipped Gozag.
Gozag was most pleased with you.
You visited 2 branches of the dungeon, and saw 11 of its levels.
You also visited: Ossuary.

You collected 2054 gold pieces.
You spent 657 gold pieces at shops.
You paid 60 gold pieces to Gozag.

Inventory:

Hand Weapons
 a - a +2 dagger
 t - a +6 dagger of protection (weapon)
 u - the +6 whip of Vith {freeze, Fly rF+ MP-9 Int+3}
   (You took it off an orc on level 4 of the Dungeon)

   It freezes those it strikes, dealing additional cold damage.
   It can also slow down cold-blooded creatures.
   Int:       It affects your intelligence (+3).
   rF:        It protects you from fire.
   MP:        It affects your magic capacity (-9).
   Fly:       It grants you flight.
 A - a +3 quarterstaff of chaos
 I - a +0 sling
Missiles
 d - 16 poisoned darts (quivered)
 g - 57 stones
 m - a throwing net
 p - 5 boomerangs
 w - 2 atropa-tipped darts
Armour
 b - a +0 robe (worn)
 c - a +1 cloak (worn)
Magical Staves
 r - a staff of conjuration
Jewellery
 n - a +6 ring of intelligence (left hand)
 x - a ring of positive energy
 C - a ring of fire
 H - the ring of Kaidd (right hand) {rN+ rCorr Str+3 Dex+3}
   (You bought it in a shop on level 8 of the Dungeon)

   [ring of resist corrosion]

   Str:       It affects your strength (+3).
   Dex:       It affects your dexterity (+3).
   rN:        It protects you from negative energy.
   rCorr:     It protects you from acid and corrosion.
Wands
 y - a wand of mindburst (10)
 z - a wand of flame (7)
 E - a wand of charming (9)
Scrolls
 e - 2 scrolls of blinking
 f - 9 scrolls of teleportation
 l - 3 scrolls of butterflies
 q - 5 scrolls of immolation
 B - a scroll of identify
 F - a scroll of amnesia
 G - a scroll of enchant armour
Potions
 h - a potion of resistance
 i - 5 potions of flight
 j - a potion of cancellation
 k - 7 potions of lignification
 o - 3 potions of brilliance
 s - 5 potions of curing
 v - 2 potions of haste
 D - a potion of invisibility


   Skills:
 + Level 5.0 Fighting
 + Level 9.2 Short Blades
 + Level 0.3 Maces & Flails
 + Level 6.4 Throwing
 * Level 11.0 Dodging
 * Level 15.9 Stealth
 + Level 2.0 Shields
 * Level 4.8 Spellcasting
 * Level 5.7 Translocations
 * Level 9.4 Evocations


You had 18 spell levels left.
You knew the following spells:

 Your Spells              Type           Power      Damage    Failure   Level
a - Blink                 Tloc           48%        N/A       1%          2

Your spell library contained the following spells:

 Spells                   Type           Power      Damage    Failure   Level
 Gell's Gravitas          Tloc           24%        N/A       3%          3
 Lesser Beckoning         Tloc           24%        N/A       3%          3
 Teleport Other           Tloc           24%        N/A       3%          3
 Sublimation of Blood     Necr           4%         N/A       21%         2
 Wereblood                Tmut           4%         N/A       21%         2
 Manifold Assault         Tloc           24%        N/A       34%         5
 Anguish                  Hex/Necr       2%         N/A       80%         4
 Hailstorm                Conj/Ice       4%         3d4       80%         4
 Ice Form                 Ice/Tmut       4%         N/A       80%         4
 Dispersal                Tloc           12%        N/A       89%         6
 Enfeeble                 Hex            2%         N/A       100%        7
 Summon Hydra             Summ           2%         N/A       100%        7
 Simulacrum               Ice/Necr       Unusable   N/A       N/A         6

Dungeon Overview and Level Annotations

Branches:
Dungeon (10/15)            Temple (1/1) D:4             Orc (0/2) D:10
Ossuary (visited)
   Lair: D:8-11

Altars:
Ashenzari
Dithmenos
Elyvilon
Gozag
Hepliaklqana
Kikubaaqudgha
Nemelex Xobeh
Okawaru
Qazlal
Ru
Sif Muna
Trog
Uskayaw
Wu Jian
Xom
Yredelemnul
Zin
The Shining One

Shops:
D:6 (   D:8 =   D:9 (

Annotations:
D:10 Urug


Innate Abilities, Weirdness & Mutations

You are very small and have problems with some larger weapons.
You are too small for most types of armour.
You have supernaturally acute eyesight. (SInv)
You cover ground extremely quickly. (Speed+++)
You have a pair of small horns on your head.
You have sharp toenails.
You are partially covered in large bone plates. (SH +4)
You are agile. (Dex +4, Str/Int -1)
Your system is resistant to poisons. (rPois)


Message History

You hit the yak. You claw the yak. You headbutt the yak.
The yak is heavily wounded.
The yak is no longer distracted by gold.
Unknown command.
You hit the yak but do no damage. You claw the yak, but do no damage.
You headbutt the yak.
The yak is severely wounded.
The yak is no longer distracted by gold.
The yak closely misses you. The yak completely misses you.
Unknown command.
You hit the yak. You claw the yak. You headbutt the yak.
The yak is almost dead.
Unknown command.
You hit the yak.
You kill the yak!
You block Urug's attack.
The yak is distracted by your dazzling golden aura.
The yak bellows!
You hit the yak.
The yak is no longer distracted by gold.
You claw the yak, but do no damage.
The yak is moderately wounded.
Unknown command.
You hit the yak. You claw the yak. You headbutt the yak.
The yak is heavily wounded.
The yak is distracted by your dazzling golden aura. x2
Urug squints and screams, "I know a harpy when I see one!"
Urug hits you with a +1 eveningstar of freezing!
Urug freezes you. The yak misses you.
The yak bellows!
You closely miss Urug.
The yak bellows!
You headbutt Urug, but do no damage.
Unknown command.
You closely miss Urug. You claw Urug. You headbutt Urug, but do no damage.
Urug is lightly wounded.
The yak is distracted by your dazzling golden aura. x2
Urug hits you with a +1 eveningstar of freezing!!
You die...
Your body crumbles into a pile of gold.

#.............
..#.............
...#............. #
...#.#........... . #.
...#.#...###..... ..#..
#..#.#...########
.....#########..#.#......#....
.........$.YY#..#.#..#####.PPP
.Y.......$Y(Y@..#.#..# ..P
.Y.....$$...o#..#....# P
.........#.###..#....#
..>........# #..#....#
.........### #..'....#
.........# #..#....#
..?......# #..#....#
.........# ####....#
.....##### ######


You could see Urug and 4 yaks.

Vanquished Creatures
  Josephine (D:10)
  Maggie (D:8)
  A komodo dragon (D:7)
  A troll (D:9)
  Sigmund (D:4)
  3 wyverns
  4 wraiths (D:10)
  Eustachio (D:6)
  10 yaks
  A steam dragon (D:8)
  Menkaure (D:5)
  2 acid dragons (D:8)
  The ghost of BillyBaka the Sneak, an amateur OpCj (D:4)
  5 water moccasins
  Duvessa (D:4)
  4 ice beasts
  4 orc warriors
  3 black bears
  3 sky beasts
  4 centaurs
  2 phantoms
  A kobold brigand (D:8)
  2 bullfrogs
  3 necrophages
  5 scorpions
  4 water moccasin zombies (Ossuary)
  2 wyvern zombies (Ossuary)
  A gnoll sergeant (D:9)
  5 wights (D:9)
  Dowan (D:4)
  6 killer bees (D:7)
  A howler monkey (D:4)
  3 centaur zombies (Ossuary)
  8 bullfrog zombies (Ossuary)
  3 orc priests
  4 hounds
  Crazy Yiuf (D:6)
  3 jellies
  4 orc wizards
  9 iguanas
  A killer bee zombie (Ossuary)
  2 howler monkey zombies (Ossuary)
  16 mummies (Ossuary)
  Robin (D:3)
  13 gnolls
  9 adders
  2 shadow imps
  2 white imps
  An ufetubus (D:6)
  2 worms
  2 dart slugs
  26 orcs
  6 ball pythons
  3 bats
  2 endoplasms
  A giant cockroach (D:4)
  10 hobgoblins
  18 kobolds
  2 quokkas
  11 frilled lizards
  20 goblins
  4 rats
274 creatures vanquished.

Vanquished Creatures (collateral kills)
  A yak (D:10)
  An orc (D:10)
2 creatures vanquished.

Vanquished Creatures (others)
  3 yaks (D:10)
  An orc (D:8)
  7 plants (D:7)
  A withered plant (Ossuary)
12 creatures vanquished.

Grand Total: 288 creatures vanquished

Notes
Turn   | Place    | Note
-------+----------+-------------------------------------------
     0 | D:1      | styxcanada the Spriggan Brigand began the quest for the
                  | Orb.
     0 | D:1      | Reached XP level 1. HP: 10/10 MP: 2/2
    75 | D:1      | Reached skill level 6 in Stealth
   372 | D:1      | Reached XP level 2. HP: 15/15 MP: 3/3
   947 | D:1      | Reached skill level 7 in Stealth
  1439 | D:2      | Reached XP level 3. HP: 18/18 MP: 4/4
  1686 | D:2      | Reached XP level 4. HP: 14/23 MP: 5/5
  1701 | D:2      | Reached skill level 8 in Stealth
  2217 | D:2      | Found a faded altar of an unknown god.
  2825 | D:3      | Noticed Robin
  2974 | D:3      | Killed Robin
  2975 | D:3      | Reached XP level 5. HP: 22/26 MP: 6/6
  3953 | D:3      | Noticed a black bear
  3960 | D:3      | Killed a black bear
  3961 | D:3      | Reached skill level 9 in Stealth
  3961 | D:3      | Reached XP level 6. HP: 30/30 MP: 7/7
  4079 | D:4      | Found a sparkling altar of Nemelex Xobeh.
  4178 | D:4      | Found a hide-covered altar of Uskayaw.
  4179 | D:4      | Found a runed translucent gate.
  4208 | D:4      | Found a runed translucent gate.
  4208 | D:4      | Identified the +6 whip of Vith {freeze, Fly rF+ MP-9 Int+3}
  4208 | D:4      | Identified the +1 chain mail of Ovusm {Harm rF++ Str+2
                  | Slay+3}
  4209 | D:4      | Found a runed translucent gate.
  4210 | D:4      | Noticed BillyBaka's ghost (amateur OpCj)
  4275 | D:4      | Found a staircase to the Ecumenical Temple.
  4312 | D:4      | Reached skill level 1 in Evocations
  4357 | Temple   | Entered the Ecumenical Temple
  4590 | Temple   | Became a worshipper of Gozag Ym Sagoz the Greedy
  4671 | D:4      | Reached XP level 7. HP: 21/35 MP: 8/8
  4880 | D:4      | Noticed Sigmund
  4880 | D:4      | Noticed Dowan
  4881 | D:4      | Noticed Duvessa
  4885 | D:4      | Killed Dowan
  4886 | D:4      | Reached skill level 10 in Stealth
  4997 | D:4      | Killed Duvessa
  5252 | D:4      | Killed Sigmund
  5551 | D:4      | Reached XP level 8. HP: 40/40 MP: 9/9
  6181 | D:4      | Gained mutation: Your system is resistant to poisons.
                  | (rPois) [potion of mutation]
  6181 | D:4      | Gained mutation: You occasionally shout uncontrollably at
                  | your foes. [potion of mutation]
  6181 | D:4      | Gained mutation: You have a pair of small horns on your
                  | head. [potion of mutation]
  6181 | D:4      | Gained mutation: Your spells are a little harder to cast,
                  | but a little more powerful. [potion of mutation]
  6182 | D:4      | Lost mutation: You occasionally shout uncontrollably at
                  | your foes. [potion of mutation]
  6182 | D:4      | Lost mutation: Your spells are a little harder to cast, but
                  | a little more powerful. [potion of mutation]
  6182 | D:4      | Gained mutation: You have sharp toenails. [potion of
                  | mutation]
  6182 | D:4      | Gained mutation: You are agile. (Dex +4, Str/Int -1)
                  | [potion of mutation]
  6182 | D:4      | Gained mutation: You are partially covered in large bone
                  | plates. (SH +4) [potion of mutation]
  6212 | D:4      | Killed BillyBaka's ghost
  6758 | D:5      | Entered Level 5 of the Dungeon
  6864 | D:5      | Reached skill level 11 in Stealth
  6934 | D:5      | Reached skill level 5 in Dodging
  7131 | D:5      | Reached skill level 5 in Throwing
  7153 | D:5      | Found a shadowy altar of Dithmenos.
  7205 | D:5      | Reached skill level 5 in Short Blades
  7296 | D:5      | Reached XP level 9. HP: 28/44 MP: 10/10
  8019 | D:6      | Noticed Menkaure
  8041 | D:5      | Killed Menkaure
  8160 | D:6      | Reached skill level 12 in Stealth
  8259 | D:6      | Reached skill level 5 in Evocations
  8796 | D:6      | Found Boacwatt's Weapon Shoppe.
  8821 | D:6      | Noticed Eustachio
  8841 | D:6      | Killed Eustachio
  8848 | D:6      | Found a runed translucent door.
  8849 | D:6      | Noticed Crazy Yiuf
  8859 | D:6      | Killed Crazy Yiuf
  9060 | D:7      | Found a sand-covered staircase.
  9065 | Ossuary  | Entered an ossuary
  9130 | Ossuary  | Reached skill level 13 in Stealth
  9241 | Ossuary  | Reached XP level 10. HP: 20/49 MP: 11/11
 10034 | D:7      | Reached skill level 1 in Shields
 10101 | D:7      | HP: 2/49 [yak (13)]
 10814 | D:7      | Reached skill level 14 in Stealth
 10842 | D:7      | Learned a level 2 spell: Blink
 10885 | D:7      | Found a glowing silver altar of Zin.
 11279 | D:7      | Found an ornate altar of the Wu Jian Council.
 11377 | D:8      | Found Mien's One-of-a-Kind Rings.
 11386 | D:8      | Bought the ring of Kaidd {rN+ rCorr Str+3 Dex+3} for 657
                  | gold pieces
 11547 | D:8      | Reached skill level 1 in Translocations
 11681 | D:8      | Reached skill level 1 in Spellcasting
 11875 | D:8      | Noticed Maggie
 11878 | D:8      | Killed Maggie
 11894 | D:8      | Found a sacrificial altar of Ru.
 11896 | D:8      | Found a hazy altar of Hepliaklqana.
 12435 | D:9      | Found Hyntab's Weapon Boutique.
 12618 | D:9      | Reached XP level 11. HP: 26/54 MP: 14/14
 13746 | D:10     | Entered Level 10 of the Dungeon
 13759 | D:10     | Found an iron altar of Okawaru.
 13787 | D:10     | Noticed Josephine
 13813 | D:10     | Killed Josephine
 13814 | D:10     | Reached skill level 15 in Stealth
 14116 | D:10     | Reached skill level 5 in Fighting
 14116 | D:10     | Reached skill level 10 in Dodging
 14116 | D:10     | Reached skill level 5 in Translocations
 14116 | D:10     | Reached XP level 12. HP: 60/60 MP: 16/20
 14240 | D:10     | Found a staircase to the Orcish Mines.
 14275 | D:10     | Noticed Urug
 14290 | D:10     | Slain by Urug

Illustrated notes

Levels and vault maps discovered:
D:1:      heliophobic_arrival_ceremonial_halls, layout_loops_cross,
          hangedman_decor_riveting
D:2:      minmay_evil_eye, layout_basic, shapermc_ecumenical_altar_pompeii
D:3:      layout_basic, uniq_robin
D:4:      layout_basic, lemuel_round_altar, mainiacjoe_overflow_boulevard,
          minmay_temple_entry_sparse_star, biasface_ghost_orc_armoury,
          uniq_sigmund, uniq_duvessa
D:5:      layout_loops_ring, mainiacjoe_overflow_tiny_flanked
D:6:      layout_cave_pools, serial_shops, shop, uniq_crazy_yiuf_cottage,
          uniq_menkaure, uniq_eustachio
D:7:      layout_basic, zin_academy, pdpol_wu_jian_five_deadly_venoms,
          serial_co_window_serial, co_window_corner_a, co_window_corner_a,
          co_window_paths_b, co_window_of_opportunity_a,
          co_window_of_opportunity_a, co_window_paths_a, co_window_paths_a,
          co_window_corner_a, co_window_of_opportunity_a, co_window_corner_b,
          co_window_broadway_c, co_window_corner_b, co_window_paths_e,
          glass_columns_b, glass_columns_a, glass_columns_b, enter_bailey_7,
          enter_ossuary_2, minmay_lizard_king
D:8:      layout_basic, nicolae_overflow_hidden_temple,
          nicolae_shop_unique_rings, uniq_maggie
D:9:      layout_basic, serial_shops, nicolae_shop_bloodbath_and_beyond,
          kennysheep_cross_bottleneck, kennysheep_generic_room_12
D:10:     layout_stronghold, mainiacjoe_overflow_alcove_4,
          okawaru_metal_pillars_1_2, david_orc_3, uniq_josephine, uniq_urug
Temple:   hellmonk_temple_micro_hex

Skill      XL: |  1  2  3  4  5  6  7  8  9 10 11 12 |
---------------+-------------------------------------+-----
Stealth        | 6 7 8 9 10 11 13 14 15 | 15.9
Dodging        | 2 3 4 5 7 8 10 11 | 11.0
Fighting       | 2 3 4 5 |  5.0
Short Blades   | 3 4 5 7 8 9 |  9.2
Evocations     | 1 3 4 6 7 9 |  9.4
Throwing       | 3 5 6 |  6.4
Shields        | 1 2 |  2.0
Translocations | 2 5 |  5.7
Spellcasting   | 1 4 |  4.8
Maces & Flails | |  0.3

Action                   |  1- 3 |  4- 6 |  7- 9 | 10-12 || total
-------------------------+-------+-------+-------+-------++-------
Melee: Dagger            |    85 |   152 |   309 |   547 ||  1093
       Punch             |     1 |     1 |     5 |     9 ||    16
       Kick              |       |       |   119 |   227 ||   346
       Headbutt          |       |       |    74 |   145 ||   219
       Whip              |       |       |    15 |       ||    15
Throw: Dart              |     9 |    35 |    63 |    38 ||   145
Evoke: Wand              |       |       |     1 |    12 ||    13
  Use: Scroll            |       |     9 |    11 |     8 ||    28
       Potion            |       |       |     4 |     1 ||     5
 Stab: Sleeping          |     8 |    11 |    15 |    11 ||    45
       Distracted        |       |       |     1 |     6 ||     7
Armor: Robe              |    11 |     9 |    20 |    25 ||    65
Dodge: Dodged            |    60 |    72 |   188 |   346 ||   666
Block: Other             |       |       |    29 |    48 ||    77
